 Dungeon Crawl Stone Soup version 0.29-a0-664-gff9cad4a3d (webtiles) character file.

Game seed: 15374602932528424621

1334 ZappyNine the Fighter (level 8, -3/89 HPs)
             Began as an Ogre Fighter on June 22, 2022.
             Slain by a yak (5 damage)
             ... on level 6 of the Dungeon.
             The game lasted 00:05:43 (4754 turns).

ZappyNine the Fighter (Ogre Fighter)                Turns: 4754, Time: 00:05:43

Health: -3/89      AC: 10    Str: 23    XL:     8   Next: 61%
Magic:  15/17      EV: 12    Int:  9    God:
Gold:   162        SH:  7    Dex:  8    Spells: 16/19 levels left

rFire   . . .      SeeInvis .   m - +0 mace (protect)
rCold   . . .      Faith    .   c - +0 kite shield
rNeg    . . .      Spirit   .   b - +0 robe
rPois   .          Reflect  .   (helmet restricted)
rElec   .          Harm     .   (no cloak)
rCorr   .          Rampage  .   (gloves unavailable)
Will    .....                   (boots unavailable)
Stlth   +.........              (no amulet)
HPRegen 0.24/turn               l - +4 ring of evasion
MPRegen 0.15/turn               (no ring)

@: mighty, under a protective aura
A: large, unfitting armour, tough skin 1
a: no special abilities


You were on level 6 of the Dungeon.
You visited 1 branch of the dungeon, and saw 6 of its levels.

You collected 228 gold pieces.
You spent 66 gold pieces at shops.

Inventory:

Hand Weapons
 a - a +0 flail
 m - a +0 mace of protection (weapon)
 y - a +0 giant spiked club
Armour
 b - a +0 robe (worn)
 c - a +0 kite shield (worn)
Jewellery
 l - a +4 ring of evasion (left hand)
 x - an amulet of guardian spirit
Wands
 u - a wand of iceblast (14)
Scrolls
 f - 7 scrolls of identify {unknown}
 g - 7 scrolls of teleportation {unknown}
 h - 2 scrolls of fog {unknown}
 i - 3 scrolls of poison {unknown}
 p - 2 scrolls of immolation {unknown}
 q - a scroll of brand weapon {unknown}
 w - a scroll of blinking {unknown}
Potions
 e - a potion of attraction {unknown}
 j - 2 potions of heal wounds {unknown}
 k - 2 potions of mutation {unknown}
 n - a potion of magic {unknown}
 o - 7 potions of curing
 r - a potion of flight
 s - 2 potions of berserk rage {unknown}
 t - a potion of lignification {unknown}
 v - 2 potions of ambrosia {unknown}
 z - a potion of haste {unknown}


   Skills:
 + Level 8.5 Fighting
 + Level 5.3 Maces & Flails
 - Level 2.6 Dodging
 - Level 3.0 Shields
 + Level 6.2 Spellcasting
 - Level 2.0 Transmutations


You had 16 spell levels left.
You knew the following spells:

 Your Spells              Type           Power      Damage    Failure   Level
a - Beastly Appendage     Tmut           12%        N/A       22%         1
b - Wereblood             Tmut           6%         N/A       32%         2

Your spell library contained the following spells:

 Spells                   Type           Power      Damage    Failure   Level
 Sandblast                Erth           4%         2d4       45%         1
 Slow                     Hex            8%         N/A       45%         1
 Passwall                 Tmut/Erth      3%         N/A       45%         2
 Poisonous Vapours        Pois/Air       4%         N/A       61%         2
 Spider Form              Tmut/Pois      4%         N/A       71%         3
 Confusing Touch          Hex            2%         N/A       83%         3
 Inner Flame              Hex/Fire       2%         N/A       83%         3
 Stone Arrow              Conj/Erth      4%         3d7       83%         3
 Vampiric Draining        Necr           2%         2d6       83%         3
 Cause Fear               Hex            1%         N/A       99%         4
 Corpse Rot               Necr/Pois/Air  2%         N/A       99%         4
 Discord                  Hex            1%         N/A       100%        8


Dungeon Overview and Level Annotations

Branches:
Dungeon (6/15)
 Temple: D:4-7

Altars:
Dithmenos
Hepliaklqana
Uskayaw

Shops:
D:3 !

Portals:
Abyss: D:5

Annotations:
D:5 2 transporters, bchevrier's ghost, amateur MiMo


Innate Abilities, Weirdness & Mutations

You are too large for most types of armour.
You have tough skin. (AC +1)


Message History

The yak is moderately wounded.
The yak gores you.
You hit the yak.
The yak is heavily wounded.
The yak gores you!
You thump the yak!
The yak is severely wounded.
The yak barely misses you. The yak gores you.
You sock the yak!
You feel a bit better.
You kill the yak!
Your Maces & Flails skill increases to level 5!
You sock the yak!
The yak is moderately wounded.
Your primal bloodlust has ended.
The yak gores you.
* * * LOW HITPOINT WARNING * * *
You sock the yak!
The yak is severely wounded.
The yak gores you!
* * * LOW HITPOINT WARNING * * *
You block the yak's attack.
You barely miss the yak.
The yak is severely wounded.
The yak gores you!
* * * LOW HITPOINT WARNING * * *
You hit the yak.
The yak is almost dead.
The yak misses you.
You sock the yak!
You kill the yak!
Your Spellcasting skill increases to level 6!
You thump the yak!
The yak is moderately wounded.
The yak gores you!
* * * LOW HITPOINT WARNING * * *
The yak closely misses you.
You sock the yak!
The yak is heavily wounded.
The yak gores you.
You die...

### #.#########
#..........
####.#########.#########
......Y@.....#.#
.###.#######.#.####
#.#..#.## #....##.#
#...##.### #...#.##.###.
#....##......
#...##...####
#............


You could see a yak.

Vanquished Creatures
  Sigmund (D:5)
  4 yaks (D:6)
  An ogre (D:5)
  2 scorpions (D:6)
  2 jellies
  A gnoll shaman (D:6)
  3 iguanas (D:5)
  2 orc wizards
  3 gnolls (D:6)
  7 adders
  2 worms
  A dart slug (D:5)
  9 orcs
  5 bats
  10 endoplasms
  3 giant cockroaches
  7 goblins
  7 hobgoblins
  4 jackals (D:4)
  6 kobolds
  2 quokkas
  7 ball pythons
  5 frilled lizards
  3 rats (D:1)
97 creatures vanquished.

Notes
Turn   | Place    | Note
-------+----------+-------------------------------------------
     0 | D:1      | ZappyNine the Ogre Fighter began the quest for the Orb.
     0 | D:1      | Reached XP level 1. HP: 24/24 MP: 1/1
   332 | D:1      | Reached XP level 2. HP: 33/33 MP: 2/2
   940 | D:1      | Found a faded altar of an unknown god.
  1256 | D:1      | Learned a level 1 spell: Beastly Appendage
  1283 | D:2      | Reached XP level 3. HP: 37/40 MP: 3/3
  1469 | D:2      | Reached skill level 1 in Spellcasting
  1499 | D:2      | Reached skill level 1 in Transmutations
  1623 | D:2      | Reached XP level 4. HP: 41/49 MP: 6/6
  2348 | D:3      | Found Noasyxt's Distillery.
  2367 | D:3      | Bought a potion of curing for 33 gold pieces
  2367 | D:3      | Bought a potion of flight for 33 gold pieces
  2602 | D:4      | Reached skill level 5 in Fighting
  2699 | D:4      | Found a hide-covered altar of Uskayaw.
  2785 | D:4      | Reached XP level 5. HP: 54/57 MP: 6/8
  2863 | D:4      | Found a shadowy altar of Dithmenos.
  2864 | D:4      | Noticed a shadow
  2922 | D:4      | Found a hazy altar of Hepliaklqana.
  3129 | D:4      | Learned a level 2 spell: Wereblood
  3413 | D:5      | Entered Level 5 of the Dungeon
  3435 | D:5      | Reached XP level 6. HP: 51/67 MP: 7/10
  3442 | D:5      | Noticed Sigmund
  3454 | D:5      | Killed Sigmund
  3455 | D:5      | Reached skill level 6 in Fighting
  3641 | D:5      | Found a one-way gate to the infinite horrors of the Abyss.
  3641 | D:5      | Noticed bchevrier's ghost (amateur MiMo)
  3644 | D:5      | Noticed a small abomination
  3765 | D:5      | Reached XP level 7. HP: 68/76 MP: 10/13
  3818 | D:5      | Found a transporter.
  3825 | D:5      | Noticed an ancient zyme
  4059 | D:5      | Found a transporter.
  4442 | D:6      | Reached skill level 7 in Fighting
  4667 | D:6      | Reached skill level 5 in Spellcasting
  4726 | D:6      | Noticed a yak
  4727 | D:6      | Noticed a yak
  4730 | D:6      | Noticed a yak
  4731 | D:6      | Noticed a yak
  4731 | D:6      | Noticed a yak
  4739 | D:6      | Killed a yak
  4740 | D:6      | Reached XP level 8. HP: 50/88 MP: 12/16
  4742 | D:6      | Killed a yak
  4743 | D:6      | Reached skill level 8 in Fighting
  4747 | D:6      | Killed a yak
  4748 | D:6      | Reached skill level 5 in Maces & Flails
  4752 | D:6      | Killed a yak
  4753 | D:6      | HP: 2/89 [yak (9)]
  4754 | D:6      | Slain by a yak

Illustrated notes

Levels and vault maps discovered:
D:1:      dpeg_arrival_arbitrary_c, layout_loops_ring, basic_ecumenical_altar,
          minivault_5, nrook_campfire
D:2:      layout_rooms
D:3:      layout_basic, serial_shops, shop_statue,
          hangedman_abyss_or_decor_lesser_grid, minivault_26
D:4:      layout_rooms, riverfiend_overflow_shadow_ancestor,
          mainiacjoe_overflow_24_doors, nrook_mini_vaults
D:5:      layout_rooms, gammafunk_ghost_abyssal_escape, grunt_ministairs_6,
          uniq_sigmund
D:6:      layout_basic, grunt_ministairs_4, amethyst_killhole,
          minmay_statues_item

Skill      XL: |  1  2  3  4  5  6  7  8 |
---------------+-------------------------+-----
Maces & Flails | 2 3 4 5 |  5.3
Spellcasting   | 1 2 3 4 5 6 |  6.2
Transmutations | 1 2 |  2.0
Fighting       | 5 6 7 8 |  8.5
Dodging        | |  2.6
Shields        | |  3.0

Action                   |  1- 3 |  4- 6 |  7- 9 || total
-------------------------+-------+-------+-------++-------
Melee: Flail             |   108 |       |       ||   108
       Mace              |     7 |   140 |    96 ||   243
       Kick              |       |    10 |     6 ||    16
       Headbutt          |       |     5 |     3 ||     8
 Cast: Beastly Appendage |       |    10 |     6 ||    16
       Wereblood         |       |     2 |     3 ||     5
  Use: Potion            |       |       |     1 ||     1
Armor: Robe              |    48 |    41 |    23 ||   112
Dodge: Dodged            |    45 |    57 |    29 ||   131
Block: Kite shield       |    59 |    42 |    27 ||   128

Table legend: (Time is in decaauts)
 A = Elapsed time spent in this place.
 B = Non-inter-level travel time spent in this place.
 C = Inter-level travel time spent in this place.
 D = Time resting spent in this place.
 E = Time spent auto-exploring this place.
 F = Levels seen in this place.
 G = Mean time per level.
                   A        B        C        D        E       F      G
               +--------+--------+--------+--------+--------+-----+--------+
         Total |   4886 |   4781 |    105 |    395 |   3552 |   6 |  814.3 |
       Dungeon |   4886 |   4781 |    105 |    395 |   3552 |   6 |  814.3 |
               +--------+--------+--------+--------+--------+-----+--------+

Top non-repeatable levels by time:
     D:1: 1298 daAuts
     D:4: 854 daAuts
     D:2: 767 daAuts
     D:5: 743 daAuts
     D:6: 639 daAuts
     D:3: 583 daAuts
